 Dungeon Crawl Stone Soup version 0.31-a0-536-ga3e2962e35 (console) character file.

Game seed: 6132720708575185983

20435 Lexodia the Basher (level 12, -15/97 HPs)
             Began as an Ogre Gladiator on Aug 13, 2023.
             Was the Champion of Ru.
             Demolished by a large slime creature (29 damage)
             ... on level 12 of the Dungeon.
             The game lasted 00:52:32 (16934 turns).

Lexodia the Basher (Ogre Gladiator)                Turns: 16934, Time: 00:52:32

Health: -15/97     AC:  8    Str: 25    XL:     12   Next: 79%
Magic:  0/25       EV: 10    Int:  9    God:    Ru [******]
Gold:   88         SH:  0    Dex: 16    Spells: 23/29 levels left

rFire   . . .        A - +0 giant spiked club
rCold   . . .        (shield currently unavailable)
rNeg    . . .        J - +0 acid dragon scales
rPois   .            c - +0 hat
rElec   .            n - +0 cloak
rCorr   +            (gloves unavailable)
SInv    .            (boots unavailable)
Will    +....        q - amulet of guardian spirit Stlth
                     b - +6 ring of dexterity
HPRegen 0.36/turn    a - ring of wizardry
MPRegen 0.19/turn

%: guardian spirit, wizardry (x1)
@: exhausted, on blink cooldown
A: large, unfitting armour, frail 2, tough skin 1, no stealth, inability to use
devices, no earth magic, no hexes magic, no necromancy magic
a: Renounce Religion, Draw Out Power, Power Leap, Apocalypse


You were on level 12 of the Dungeon.
You worshipped Ru.
Ru was exalted by your worship.
You visited 1 branch of the dungeon, and saw 12 of its levels.
You visited 1 bazaar.

You collected 850 gold pieces.
You spent 762 gold pieces at shops.

Inventory:

Hand Weapons
 A - a +0 giant spiked club (weapon)
 F - a +0 morningstar
Missiles
 d - a throwing net
 e - 5 large rocks
 g - 2 boomerangs
 o - 35 poisoned darts
 p - 35 stones
 G - 7 javelins
 H - 4 curare-tipped darts
Armour
 c - a +0 hat (worn)
 n - a +0 cloak (worn)
 J - +0 acid dragon scales (worn)
 N - a +0 troll leather armour
Jewellery
 a - a ring of wizardry (right hand)
 b - a +6 ring of dexterity (left hand)
 f - a ring of flight
 q - an amulet of guardian spirit (around neck)
 P - a ring of protection from cold
Talismans
 r - a beast talisman
Scrolls
 h - 3 scrolls of blinking
 i - 4 scrolls of teleportation
 k - a scroll of fog {unknown}
 t - 3 scrolls of vulnerability
 y - 3 scrolls of immolation
 B - 2 scrolls of amnesia {unknown}
 D - 3 scrolls of noise {unknown}
 I - 2 scrolls of enchant armour {unknown}
 M - a scroll of enchant weapon
 O - 2 scrolls of summoning {unknown}
 Q - a scroll of brand weapon
Potions
 j - 4 potions of curing
 l - a potion of ambrosia {unknown}
 m - a potion of lignification {unknown}
 s - 2 potions of attraction
 u - 2 potions of heal wounds
 v - 3 potions of degeneration
 x - 2 potions of enlightenment {unknown}
 z - 3 potions of invisibility {unknown}
 C - a potion of berserk rage {unknown}
 E - 2 potions of cancellation {unknown}
 L - 2 potions of mutation {unknown}


   Skills:
 + Level 8.9 Fighting
 * Level 12.4 Maces & Flails
 + Level 9.6 Throwing
 - Level 3.0 Dodging
 - Level 2.0 Shields
 - Level 9.0 Spellcasting
 + Level 7.1 Translocations
   Level 0.0 Evocations


You had 23 spell levels left.
You knew the following spells:

 Your Spells              Type           Power      Damage    Failure   Level
a - Blink                 Tloc           32%        N/A       1%          2
b - Manifold Assault      Tloc           16%        N/A       4%          4

Your spell library contained the following spells:

 Spells                   Type           Power      Damage    Failure   Level
 Sting                    Tmut/Pois      16%        1d3       9%          1
 Poisonous Vapours        Pois/Air       8%         N/A       12%         2
 Call Canine Familiar     Summ           4%         N/A       24%         3
 Ozocubu's Armour         Ice            4%         N/A       24%         3
 Swiftness                Air            4%         N/A       24%         3
 Olgreb's Toxic Radiance  Pois           4%         N/A       58%         4
 Conjure Ball Lightning   Conj/Air       2%         3x3d6     100%        6
 Ozocubu's Refrigeration  Ice            2%         4d7       100%        7
 Disjunction              Tloc           8%         N/A       100%        8
 Portal Projectile        Hex/Tloc       Unusable   N/A       N/A         3
 Ensorcelled Hibernation  Hex/Ice        Unusable   N/A       N/A         2
 Passwall                 Tmut/Erth      Unusable   N/A       N/A         2
 Leda's Liquefaction      Hex/Erth       Unusable   N/A       N/A         4
 Discord                  Hex            Unusable   N/A       N/A         8

Dungeon Overview and Level Annotations

Branches:
Dungeon (12/15)            Temple (0/1) D:4            Lair (0/5) D:11
    Orc (0/2) D:11

Altars:
Cheibriados
Dithmenos
Kikubaaqudgha
Makhleb
Okawaru
Ru
Yredelemnul
The Shining One

Shops:
D:4 [   D:6 :

Portals:
Trove: D:12 (give +4 demon trident)


Innate Abilities, Weirdness & Mutations

You are too large for most types of armour.
You are very frail. (-20% HP)
You have tough skin. (AC +1)
You cannot be stealthy.
You cannot study or use magical devices.
You cannot study or cast Earth magic.
You cannot study or cast Hexes magic.
You cannot study or cast Necromancy magic.


Message History

The silver javelin pierces through the large slime creature!!
The large slime creature is moderately wounded.
The silver javelin completely misses the hell hound.
The silver javelin pierces through the slime creature!
The slime creature is almost dead.
You feel stable enough to blink again.
The hell hound begins to attack, but is stunned by your conviction!
Unknown command.
Okay, then.
Okay, then.
Throw: 8 javelins
Press: ? - help, Shift-Dir - straight line, f/p - large slime creature
Aim: a large slime creature (moderately wounded, 85% to hit)
You throw a javelin.
The javelin pierces through the large slime creature.
The large slime creature is moderately wounded.
The javelin pierces through the hell hound but does no damage.
The hell hound is severely wounded.
The javelin pierces through the slime creature.
The slime creature is almost dead.
The large slime creature hits you!!
* * * LOW HITPOINT WARNING * * *
Huge Dmg: -20%(-19hp) hp: 28%(27hp)
Casting: Blink (safe; 1% risk of failure)
Confirm with . or Enter, or press ? or * to list all spells.
You don't have enough magic to cast this spell.
The large slime creature attacks as you move away!
The large slime creature is stunned by your conviction and fails to attack.
Found a wand of paralysis (5).
The hell hound begins to attack, but is stunned by your conviction!
Casting: Blink (safe; 1% risk of failure)
Confirm with . or Enter, or press ? or * to list all spells.
You blink.
Found a robe.
The large slime creature attacks as you move away!
The large slime creature hits you!
* * * LOW HITPOINT WARNING * * *
Huge Dmg: -14%(-14hp) hp: 15%(14hp)
The large slime creature attacks as you move away!
The large slime creature hits you!!
You die...

###.#####.. ..# ###
..#....##.# #.# ...#
..#.##.##.# #.###.#.#
#...##.##.# #.......##
#...##T##.#######......../
#.....{○.OJ...J...........
.....#J##h#######.###.....
###...h##.#######J........
$..WJ...O...[.J.@.........
.....Eh#########......<..
#.#.☼#.### ##..###^.##
...○..... ..........
#.#○....... ##..#.#.###
#.#○.##.### #.......
#.#○.##.# #..#.#.#
#.#☼....# #..#.#.####.
=.°○)##.# #. #...........


You could see a large slime creature and a slime creature.

Vanquished Creatures
  Azrael (D:12)
  Erolcha (D:9)
  8 two-headed ogres
  A death yak (D:10)
  An ugly thing (D:11)
  Maggie (D:8)
  A komodo dragon (D:10)
  4 kobold demonologists
  4 trolls
  A hornet (D:8)
  A shadow (D:11)
  21 yaks
  A wraith (D:9)
  A wyvern (D:9)
  A fire elemental (D:12)
  A steam dragon (D:10)
  3 vampire mosquitoes (D:12)
  An acid dragon (D:11)
  2 hell hounds (D:12)
  7 orc warriors
  2 black bears (D:6)
  A sky beast (D:7)
  2 wolves
  An ice beast (D:10)
  15 ogres (D:9)
  2 phantoms (D:5)
  A centaur (D:9)
  6 kobold brigands
  A bullfrog (D:8)
  12 wights
  3 scorpions
  15 killer bees
  3 howler monkeys (D:7)
  7 electric eels
  2 jellies
  10 hounds
  10 orc priests
  A sleepcap (D:3)
  Crazy Yiuf (D:2)
  2 iguanas
  8 orc wizards
  Robin (D:2)
  12 adders
  A shadow imp (D:5)
  6 white imps
  An ufetubus (D:10)
  2 worms
  3 dart slugs (D:1)
  60 orcs
  8 endoplasms
  9 giant cockroaches
  14 goblins
  10 hobgoblins
  4 jackals (D:1)
  7 quokkas
  7 ball pythons
  6 bats
  32 kobolds
  7 rats
357 creatures vanquished.

Vanquished Creatures (others)
  Sigmund (D:2)
  A hell hound (D:12)
  A hound (D:11)
  An iguana (D:6)
  A shadow imp (D:8)
  An orc (D:4)
  2 kobolds
8 creatures vanquished.

Grand Total: 365 creatures vanquished

Notes
Turn   | Place    | Note
-------+----------+-------------------------------------------
     0 | D:1      | Lexodia the Ogre Gladiator began the quest for the Orb.
     0 | D:1      | Reached XP level 1. HP: 22/22 MP: 1/1
   137 | D:1      | Reached XP level 2. HP: 28/29 MP: 2/2
   147 | D:1      | Huge Dmg: 6 dmg
   217 | D:1      | Reached skill level 3 in Maces & Flails
   232 | D:1      | Huge Dmg: 5 dmg
   234 | D:1      | Huge Dmg: 5 dmg
   369 | D:1      | Reached XP level 3. HP: 25/37 MP: 3/3
  1135 | D:2      | Noticed Sigmund
  1147 | D:2      | Huge Dmg: 10 dmg
  1148 | D:2      | Killed Sigmund
  1149 | D:2      | Reached skill level 4 in Maces & Flails
  1149 | D:2      | Reached skill level 1 in Shields
  1149 | D:2      | Reached XP level 4. HP: 14/45 MP: 4/4
  1149 | D:2      | Reached XP level 5. HP: 16/53 MP: 5/5
  1149 | D:2      | Huge Dmg: 6 dmg
  1308 | D:2      | Found a faded altar of an unknown god.
  1329 | D:2      | Prayed at the altar of an unknown god.
  1329 | D:2      | Became a worshipper of Ru the Awakened
  1333 | D:2      | Gained mutation: You cannot be stealthy. [Ru sacrifice]
  1576 | D:2      | Noticed Robin
  1583 | D:2      | Killed Robin
  1607 | D:2      | Reached XP level 6. HP: 27/61 MP: 6/6
  2240 | D:2      | Found a runed translucent door.
  2241 | D:2      | Noticed Crazy Yiuf
  2312 | D:2      | Killed Crazy Yiuf
  2686 | D:3      | Found a glowing golden altar of the Shining One.
  2878 | D:3      | Reached skill level 5 in Maces & Flails
  3197 | D:3      | You are sucked into a shaft and drop 1 floor!
  3555 | D:4      | Gained mutation: You cannot study or cast Earth magic. [Ru
                  | sacrifice]
  3555 | D:4      | Gained mutation: You cannot study or cast Hexes magic. [Ru
                  | sacrifice]
  3555 | D:4      | Gained mutation: You cannot study or cast Necromancy magic.
                  | [Ru sacrifice]
  3555 | D:4      | Reached * piety under Ru
  3555 | D:4      | Reached ** piety under Ru
  3688 | D:4      | Reached skill level 1 in Spellcasting
  3713 | D:4      | Huge Dmg: 9 dmg
  3735 | D:4      | Reached XP level 7. HP: 27/67 MP: 5/9
  4095 | D:4      | Found Lesuel's Armour Shoppe.
  4211 | D:4      | Found a staircase to the Ecumenical Temple.
  4381 | D:5      | Entered Level 5 of the Dungeon
  4904 | D:5      | Reached skill level 6 in Maces & Flails
  5180 | D:5      | Huge Dmg: 10 dmg
  5182 | D:5      | Huge Dmg: 8 dmg
  5184 | D:5      | Huge Dmg: 4 dmg
  5186 | D:5      | Huge Dmg: 3 dmg
  5192 | D:5      | Huge Dmg: 4 dmg
  5392 | D:5      | Huge Dmg: 16 dmg
  5393 | D:5      | Huge Dmg: 12 dmg
  5396 | D:5      | Reached XP level 8. HP: 38/75 MP: 6/12
  5870 | D:6      | Reached skill level 5 in Throwing
  6467 | D:6      | Found a shadowy altar of Dithmenos.
  6538 | D:6      | Found a burning altar of Makhleb.
  6686 | D:6      | Gained mutation: You cannot study or use magical devices.
                  | [Ru sacrifice]
  6686 | D:6      | Reached *** piety under Ru
  6686 | D:6      | Reached **** piety under Ru
  6702 | D:6      | Huge Dmg: 12 dmg
  6705 | D:6      | Huge Dmg: 9 dmg
  6706 | D:6      | Huge Dmg: 9 dmg
  6707 | D:6      | Huge Dmg: 4 dmg
  6911 | D:6      | Found Lanwuit's Book Shoppe.
  6926 | D:6      | Bought an Inescapable Atlas for 176 gold pieces
  7042 | D:6      | Learned a level 2 spell: Blink
  7047 | D:6      | Learned a level 4 spell: Manifold Assault
  7063 | D:6      | Reached skill level 7 in Maces & Flails
  7399 | D:6      | Huge Dmg: 15 dmg
  7402 | D:6      | Reached skill level 1 in Translocations
  7581 | D:6      | Found a sacrificial altar of Ru.
  7784 | D:6      | Found a basalt altar of Yredelemnul.
  7836 | D:6      | Huge Dmg: 10 dmg
  8540 | D:7      | Huge Dmg: 6 dmg
  8542 | D:7      | Huge Dmg: 5 dmg
  8543 | D:7      | Huge Dmg: 5 dmg
  8827 | D:7      | Reached XP level 9. HP: 72/80 MP: 13/15
  9325 | D:7      | Huge Dmg: 13 dmg
  9327 | D:7      | Reached skill level 8 in Maces & Flails
  9327 | D:7      | Reached skill level 5 in Spellcasting
  9418 | D:7      | Huge Dmg: 16 dmg
 10139 | D:8      | Noticed Maggie
 10151 | D:8      | Killed Maggie
 10221 | D:8      | Noticed a hornet
 10231 | D:8      | Paralysed by a hornet for 1 turns
 10232 | D:8      | Killed a hornet
 10472 | D:8      | Reached skill level 9 in Maces & Flails
 10472 | D:8      | Reached XP level 10. HP: 26/91 MP: 1/19
 10472 | D:8      | Huge Dmg: 14 dmg
 10473 | D:8      | Huge Dmg: 13 dmg
 10477 | D:8      | Huge Dmg: 5 dmg
 10485 | D:8      | Huge Dmg: 7 dmg
 10676 | D:8      | Found an ancient bone altar of Kikubaaqudgha.
 11020 | D:9      | Found an iron altar of Okawaru.
 11020 | D:9      | Found a snail-covered altar of Cheibriados.
 11044 | D:9      | Huge Dmg: 43 dmg
 11063 | D:9      | Huge Dmg: 8 dmg
 11331 | D:9      | Huge Dmg: 15 dmg
 11372 | D:9      | Gained mutation: You are frail. (-10% HP) [Ru sacrifice]
 11372 | D:9      | Reached ***** piety under Ru
 11555 | D:9      | Huge Dmg: 12 dmg
 11691 | D:9      | Huge Dmg: 15 dmg
 11694 | D:9      | Huge Dmg: 21 dmg
 11696 | D:9      | Huge Dmg: 26 dmg
 12056 | D:9      | Reached skill level 10 in Maces & Flails
 12456 | D:9      | Noticed a two-headed ogre
 12501 | D:9      | Killed a two-headed ogre
 12502 | D:9      | Reached skill level 5 in Fighting
 12502 | D:9      | Reached skill level 5 in Translocations
 12502 | D:9      | Reached XP level 11. HP: 91/91 MP: 21/21
 12523 | D:9      | Noticed a two-headed ogre
 12540 | D:9      | Noticed a two-headed ogre
 12567 | D:9      | Killed a two-headed ogre
 12586 | D:9      | Killed a two-headed ogre
 12626 | D:9      | Noticed a two-headed ogre
 12633 | D:9      | Killed a two-headed ogre
 12635 | D:9      | Huge Dmg: 24 dmg
 12643 | D:9      | Noticed a two-headed ogre
 12666 | D:9      | Noticed Erolcha
 12675 | D:9      | Huge Dmg: 22 dmg
 12676 | D:9      | Killed Erolcha
 12754 | D:9      | Huge Dmg: 16 dmg
 12758 | D:9      | Noticed a two-headed ogre
 12761 | D:9      | Killed a two-headed ogre
 12762 | D:9      | Huge Dmg: 14 dmg
 12998 | D:9      | Killed a two-headed ogre
 12999 | D:9      | Reached skill level 11 in Maces & Flails
 13248 | D:10     | Entered Level 10 of the Dungeon
 13317 | D:10     | Huge Dmg: 21 dmg
 13319 | D:9      | Huge Dmg: 13 dmg
 13321 | D:9      | Huge Dmg: 12 dmg
 13710 | D:10     | Noticed a two-headed ogre
 13735 | D:10     | Killed a two-headed ogre
 13799 | D:10     | Identified the +7 trident "Demon's Death" {heavy, rF+ Will-
                  | rCorr Str+3}
 13865 | D:10     | Reached XP level 12. HP: 48/106 MP: 9/24
 13871 | D:10     | Huge Dmg: 8 dmg
 14395 | D:10     | Huge Dmg: 22 dmg
 14540 | D:10     | Noticed a death yak
 14735 | D:10     | Killed a death yak
 15119 | D:10     | Gained mutation: You are very frail. (-20% HP) [Ru
                  | sacrifice]
 15119 | D:10     | Reached ****** piety under Ru
 15331 | D:11     | Huge Dmg: 23 dmg
 15506 | D:11     | Noticed a two-headed ogre
 15509 | D:11     | Huge Dmg: 14 dmg
 15509 | D:11     | Killed a two-headed ogre
 15510 | D:11     | Reached skill level 12 in Maces & Flails
 15531 | D:11     | Found a flickering gateway to a bazaar.
 15542 | Bazaar   | Entered a bazaar
 15664 | Bazaar   | Found Sodgh's Magic Scroll Shoppe.
 15665 | Bazaar   | Found Liageikk's Assorted Antiques.
 15674 | Bazaar   | Bought a scroll labelled YTRYVE KULLI for 17 gold pieces
 15674 | Bazaar   | Bought a fizzy orange potion for 15 gold pieces
 15674 | Bazaar   | Bought a scroll of teleportation for 51 gold pieces
 15674 | Bazaar   | Bought 2 scrolls labelled EHOPTU ASADABOW for 34 gold
                  | pieces
 15674 | Bazaar   | Bought an iron ring for 85 gold pieces
 15708 | Bazaar   | Found Kula's Assorted Antiques.
 15708 | Bazaar   | Found Felunt's Antique Armour Emporium.
 15716 | Bazaar   | Bought a bubbling brown potion for 24 gold pieces
 15751 | Bazaar   | Bought a scroll of brand weapon for 180 gold pieces
 15751 | Bazaar   | Bought a scroll of blinking for 142 gold pieces
 15751 | Bazaar   | Bought a scroll of identify for 38 gold pieces
 16199 | D:11     | Found a staircase to the Lair.
 16469 | D:11     | Found a staircase to the Orcish Mines.
 16891 | D:12     | Found a portal to a secret trove of treasure.
 16906 | D:12     | Noticed Azrael
 16908 | D:12     | Noticed a two-headed ogre
 16910 | D:12     | Killed Azrael
 16911 | D:12     | Huge Dmg: 21 dmg
 16931 | D:12     | Huge Dmg: 19 dmg
 16934 | D:12     | Huge Dmg: 14 dmg
 16934 | D:12     | Demolished by a large slime creature

Illustrated notes

Levels and vault maps discovered:
D:1:      psy_arrival_conway, layout_basic, minmay_misc_feat_rugged
D:2:      layout_loops_corners, shapermc_ecumenical_altar_acropolis,
          minmay_cupped, uniq_robin, uniq_crazy_yiuf_cottage, uniq_sigmund
D:3:      layout_basic, tso_metal_star
D:4:      layout_basic, minmay_temple_entry_mist, serial_shops, shop,
          hangedman_abyss_or_decor_lesser_grid, nicolae_kite_square_tiling_tiny
D:5:      layout_loops_ring
D:6:      layout_layer_cave, nicolae_overflow_hidden_temple,
          nicolae_ru_great_annihilating_truth, serial_shops,
          nicolae_shop_gibbet_a_chance, corner_web_ring, minivault_24,
          chequers_big_river
D:7:      layout_loops_ring
D:8:      layout_gridville, kiku_gazebo_pond_becter, uniq_maggie
D:9:      lemuel_ogre_cave, layout_basic, gammafunk_temple_overflow_wave,
          special_room [special_room_orc], minmay_misc_feat_square
D:10:     layout_irregular_city, serial_ice, serial_ice_m, serial_ice_d,
          serial_ice_e, serial_ice_i, serial_park_tiny_2
D:11:     layout_loops_ring, erik_lair_island, hiddenorc2_lemuel, serial_shops,
          bzr_entry_safe
D:12:     layout_basic, enter_trove_3, minmay_the_grid_square_5x5_3x3_mashed
          [minmay_the_grid_square_5x5_z, minmay_the_grid_square_5x5_trominoes,
          minmay_the_grid_square_5x5_one_wall,
          minmay_the_grid_square_5x5_spiral,
          minmay_the_grid_square_5x5_megaprize_hollow,
          minmay_the_grid_square_5x5_hollow_slash,
          minmay_the_grid_square_5x5_eight_small,
          minmay_the_grid_square_5x5_beaten_path,
          minmay_the_grid_square_5x5_longway], uniq_azrael

Skill      XL: |  1  2  3  4  5  6  7  8  9 10 11 12 |
---------------+-------------------------------------+-----
Fighting       | 3 5 7 8 |  8.9
Maces & Flails | 3 4 5 6 7 9 10 11 12 | 12.4
Dodging        | 3 |  3.0
Throwing       | 3 4 5 6 7 8 9 |  9.6
Shields        | 1 2 |  2.0
Spellcasting   | 1 3 4 6 7 8 9 |  9.0
Translocations | 1 3 5 6 7 |  7.1

Action                     |  1- 3 |  4- 6 |  7- 9 | 10-12 || total
---------------------------+-------+-------+-------+-------++-------
  Melee: Flail             |   115 |   176 |   142 |       ||   433
         Morningstar       |       |       |   172 |    66 ||   238
         Giant spiked club |       |       |       |   292 ||   292
  Throw: Throwing net      |     2 |     1 |       |       ||     3
         Large rock        |     1 |       |       |     2 ||     3
         Dart              |       |     1 |    41 |    88 ||   130
         Stone             |       |     1 |    10 |    62 ||    73
         Javelin           |       |       |     1 |    22 ||    23
   Cast: Blink             |       |       |       |     4 ||     4
         Manifold Assault  |       |       |       |    52 ||    52
 Invoke: Sacrifice Stealth |       |     1 |       |       ||     1
         Sacrifice Arcana  |       |     1 |       |       ||     1
         Draw Out Power    |       |       |     2 |     1 ||     3
         Sacrifice Artific |       |       |     1 |       ||     1
         Power Leap        |       |       |     7 |    12 ||    19
         Apocalypse        |       |       |       |     3 ||     3
         Sacrifice Health  |       |       |       |     2 ||     2
    Use: Scroll            |       |       |       |     9 ||     9
         Potion            |       |       |       |     1 ||     1
   Stab: Sleeping          |     1 |       |       |       ||     1
         Paralysed         |       |       |     2 |     7 ||     9
         Invisible         |       |       |     2 |     7 ||     9
         Distracted        |       |       |       |     1 ||     1
 Armour: Robe              |    47 |    51 |    74 |       ||   172
         Acid dragon scale |       |       |    10 |    96 ||   106
  Dodge: Dodged            |    61 |    63 |   106 |   145 ||   375
  Block: Kite shield       |    12 |    73 |   122 |    32 ||   239

Table legend: (Time is in decaauts)
 A = Elapsed time spent in this place.
 B = Non-inter-level travel time spent in this place.
 C = Inter-level travel time spent in this place.
 D = Time resting spent in this place.
 E = Time spent auto-exploring this place.
 F = Levels seen in this place.
 G = Mean time per level.
                   A        B        C        D        E       F      G
               +--------+--------+--------+--------+--------+-----+--------+
         Total |  17154 |  16095 |   1059 |   1647 |  11484 |  13 | 1319.5 |
       Dungeon |  16928 |  15869 |   1059 |   1647 |  11300 |  12 | 1410.7 |
        Bazaar |    225 |    225 |      0 |      0 |    184 |   1 |  225.0 |
               +--------+--------+--------+--------+--------+-----+--------+

Top non-repeatable levels by time:
     D:6: 2515 daAuts
     D:9: 2466 daAuts
    D:10: 1745 daAuts
     D:5: 1541 daAuts
     D:2: 1438 daAuts
     D:7: 1343 daAuts
    D:11: 1276 daAuts
     D:1: 1234 daAuts
     D:4: 1160 daAuts
     D:8: 1089 daAuts
     D:3: 857 daAuts
    D:12: 258 daAuts
  Bazaar: 225 daAuts
